 Dungeon Crawl Stone Soup version 0.29-a0-214-g17f627cfee (webtiles) character file.

Game seed: 7567620968486977386

1243 spaghetti the Nimble (level 8, -1/57 HPs)
             Began as an Octopode Fighter on Feb 24, 2022.
             Was a Follower of Yredelemnul.
             Slain by a sky beast (5 damage)
             ... on level 6 of the Dungeon.
             The game lasted 00:06:22 (4165 turns).

spaghetti the Nimble (Octopode Fighter)             Turns: 4165, Time: 00:06:22

Health: -1/57      AC:  1    Str: 15    XL:     8   Next: 50%
Magic:  8/8        EV: 16    Int: 12    God:    Yredelemnul [*.....]
Gold:   206        SH:  5    Dex: 12    Spells: 7/7 levels left

rFire   . . .      SeeInvis .   h - +1 whip (elec) {mace}
rCold   . . .      Faith    .   b - +1 buckler
rNeg    . . .      Spirit   .   (helmet restricted)
rPois   .          Reflect  .   (no amulet)
rElec   .          Harm     .   q - ring of willpower
rCorr   .          Rampage  .   (no ring)
Will    +....                   (no ring)
Stlth   ++........              (no ring)
HPRegen 0.19/turn               (no ring)
MPRegen 0.11/turn               (no ring)
                                (no ring)
                                (no ring)

@: no status effects
A: almost no armour, amphibious, 8 rings, camouflage 1, gelatinous body 1,
(nimble swimmer 1), tentacles
a: Renounce Religion, Recall Undead Harvest


You were on level 6 of the Dungeon.
You worshipped Yredelemnul.
Yredelemnul was noncommittal.
You visited 1 branch of the dungeon, and saw 6 of its levels.

You collected 206 gold pieces.


Innate Abilities, Weirdness & Mutations

You cannot wear most types of armour.
You are amphibious.
You can wear up to eight rings at the same time.
Your skin changes colour to match your surroundings (Stealth+).
Your rubbery body absorbs attacks. (AC +1, EV +1)
((You are camouflaged when in or above water. (Stealth+)))
You have tentacles for arms and can constrict up to eight enemies at once.


   Skills:
 - Level 6.1 Fighting
 - Level 2.7 Long Blades
 + Level 8.8 Dodging
 - Level 3.0 Shields


You had 7 spell levels left.
You didn't know any spells.
Your spell library contained the following spells:

 Spells                   Type           Power      Damage    Failure   Level
 Corpse Rot               Necr/Air       0%         N/A       54%         2
 Poisonous Vapours        Pois/Air       0%         N/A       54%         2
 Static Discharge         Conj/Air       0%         N/A       54%         2
 Ozocubu's Armour         Ice            0%         N/A       78%         3
 Dispel Undead            Necr           0%         3d6       99%         4
 Sticky Flame             Conj/Fire      0%         2d3       99%         4
 Metabolic Englaciation   Hex/Ice        0%         N/A       100%        5
 Simulacrum               Ice/Necr       0%         N/A       100%        6

Inventory:

Hand Weapons
 a - a +3 long sword {long}
 h - a +1 whip of electrocution (weapon) {mace}
   (You took it off a kobold on level 2 of the Dungeon)
Missiles
 e - 75 stones (quivered) {throwing}
Armour
 b - a +1 buckler (worn)
Jewellery
 c - a ring of ice
   (You found it on level 2 of the Dungeon)
 n - a +6 ring of strength
   (You took it off a goblin on level 4 of the Dungeon)
 q - a ring of willpower (left tentacle)
   (You found it on level 4 of the Dungeon)
Wands
 d - a wand of iceblast (4)
   (You found it on level 6 of the Dungeon)
 m - a wand of mindburst (5)
   (You took it off a goblin on level 4 of the Dungeon)
Scrolls
 f - a scroll of enchant armour
 g - a scroll of immolation {!r!r}
 i - a scroll of vulnerability {!r!r}
 j - a scroll of blinking {!r}
 k - 2 scrolls of noise {!r}
 l - 2 scrolls of identify {@r1}

Dungeon Overview and Level Annotations

Branches:
Dungeon (6/15)             Temple (0/1) D:4

Altars:
Qazlal
Yredelemnul

Annotations:
D:3 2 transporters, siradein's ghost, amateur NaHu

#.# ... #.# #.# #.#
#.#
###.#.###.####.##
........Z>......
#..#.# #c.# #..#.#
#{.#
.###..#.###@Z###.#
...................
.####.#.####.###.##
#.#.####.#
#..Z.....#
#.#Z###### #.#.#
###.####.#.#
#......#.#.#


You could see a centaur (ally target), a friendly water moccasin zombie and a
friendly ogre zombie.


Message History

You take 2 damage, and now have 55/57 hp.
An adder is nearby!
An adder is nearby!
You closely miss the adder. Your grab misses the adder.
You feel sick. The adder bites you. The adder misses you. 😕 HP[-5]
You take 5 damage, and now have 50/57 hp.
You hit the adder. Lightning courses through the adder!!
You kill the adder!
A black mist starts to gather...
You can now trade souls for undead servants.
You feel sick. 😕 HP[-2]
You take 2 damage, and now have 48/57 hp.
You feel sick.
You feel sick.
You feel sick.
You feel sick.
You are no longer poisoned.
You swap places.
You see here a +0 giant club {mace}.
You now have 185 gold pieces (gained 18).
You see here a +0 giant club {mace}.
Key pressed, stopping explore.
You swap places.
f - a scroll of enchant armour 😎 HP[+9]
Your hp is fully restored (57).
You now have 206 gold pieces (gained 21).
A sky beast and a centaur come into view.
Found a stone staircase leading down.
The centaur shouts!
There are monsters nearby!
The sky beast hits you. The sky beast shocks you. The centaur hits you.
The centaur misses you.
You can no longer trade souls for undead servants. 😕 HP[-14]
You take 14 damage, and now have 43/57 hp.
MASSIVE DAMAGE!! (PAUSE)
You hit the centaur. You block the centaur's attack.
The centaur barely misses you. The sky beast barely misses you.
The centaur hits you.
You block the centaur's attack. 😮 HP[-5]
You take 5 damage, and now have 38/57 hp.
Unknown command.
You hit the centaur.
Your water moccasin zombie closely misses the sky beast.
The sky beast misses you. The centaur barely misses you.
The centaur misses you.
The sky beast flickers out of sight!
Deactivating autopickup; reactivate with Ctrl-A.
Something hits you. Something shocks you.
* * * LOW HITPOINT WARNING * * *
😨 HP[-11]
You take 11 damage, and now have 27/57 hp.
You swap places.
The centaur wields a +0 shortbow.
The centaur shoots an arrow.
The arrow hits your adder zombie.
Your adder zombie closely misses the centaur.
Your water moccasin zombie closely misses something.
The centaur shoots an arrow.
The arrow hits your adder zombie! Something hits your adder zombie.
Your adder zombie is destroyed!
You swap places.
The centaur shoots an arrow.
The arrow hits your howler monkey zombie!
Your water moccasin zombie misses something.
Something hits your howler monkey zombie.
Something shocks your howler monkey zombie.
Unknown command.
Okay, then.
The centaur unwields a +0 shortbow.
The centaur hits your howler monkey zombie.
The centaur kicks your howler monkey zombie.
Your howler monkey zombie is destroyed!
Your water moccasin zombie bites something.
The centaur wields a +0 shortbow.
The centaur shoots an arrow.
The arrow hits you!
* * * LOW HITPOINT WARNING * * *
😨 HP[-10]
You take 10 damage, and now have 17/57 hp.
Unknown command.
You barely miss something. Your squeeze misses something.
Your water moccasin zombie bites the centaur.
Your ogre zombie misses something.
The centaur shoots an arrow.
The arrow misses you.
Your water moccasin zombie bites the centaur!
Something hits you.
* * * LOW HITPOINT WARNING * * *
Something shocks you.
* * * LOW HITPOINT WARNING * * *
😱 HP[-9]
You take 9 damage, and now have 8/57 hp.
You aren't carrying any potions.
Unknown command.
Okay, then.
You closely miss something. You squeeze something!
The centaur shoots an arrow.
Your water moccasin zombie bites the centaur.
The centaur shoots an arrow.
You block the arrow. Something hits you.
* * * LOW HITPOINT WARNING * * *
Something shocks you.
You die...
Your body rises from the dead as a mindless zombie.

Skill      XL: |  1  2  3  4  5  6  7  8 |
---------------+-------------------------+-----
Fighting       | 6 |  6.1
Dodging        | 5 7 8 |  8.8
Long Blades    | |  2.7
Shields        | |  3.0

Action                   |  1- 3 |  4- 6 |  7- 9 || total
-------------------------+-------+-------+-------++-------
Melee: Long sword        |    17 |    39 |       ||    56
       Constrict         |     4 |    15 |     6 ||    25
       Tentacles         |     1 |    14 |    11 ||    26
       Punch             |     1 |       |     4 ||     5
       Whip              |       |    48 |    64 ||   112
Evoke: Wand              |       |       |    11 ||    11
  Use: Potion            |     1 |       |     4 ||     5
       Scroll            |       |     9 |     7 ||    16
 Stab: Sleeping          |     1 |    10 |     4 ||    15
       Distracted        |       |       |     1 ||     1
Armor: Skin              |     3 |     3 |     2 ||     8
Dodge: Dodged            |    27 |    53 |    53 ||   133
Block: Buckler           |     2 |    16 |    23 ||    41

Levels and vault maps discovered:
D:1:      mainiacjoe_arrival_reflecting_pool, layout_basic
D:2:      minmay_skewed_foursquare, layout_basic,
          hellmonk_ecumenical_altar_blasted, basic_altar, uniq_natasha,
          uniq_sigmund
D:3:      layout_loops_ring, gammafunk_ghost_arena, st_stairs_2, minmay_unequal,
          uniq_jessica
D:4:      layout_basic, minmay_temple_entry_junction, minmay_box_of_dots
D:5:      minmay_polygon_palace, layout_basic, nicolae_qazlal_scattered_showers,
          uniq_pikel, uniq_menkaure
D:6:      layout_basic

Notes
Turn   | Place    | Note
-------+----------+-------------------------------------------
     0 | D:1      | spaghetti the Octopode Fighter began the quest for the Orb.
     0 | D:1      | Reached XP level 1. HP: 16/16 MP: 1/1
     0 | D:1      | magus.rc [v1.9.6]
   213 | D:2      | Reached XP level 2. HP: 19/22 MP: 2/2
   236 | D:2      | Noticed Sigmund
   248 | D:2      | Killed Sigmund
   249 | D:2      | Reached skill level 6 in Fighting
   249 | D:2      | Reached XP level 3. HP: 29/30 MP: 3/3
   249 | D:2      | Reached XP level 4. HP: 35/36 MP: 4/4
   249 | D:2      | Reached XP level 5. HP: 40/41 MP: 5/5
   859 | D:2      | Found a faded altar of an unknown god.
   994 | D:2      | Prayed at the altar of an unknown god.
   994 | D:2      | Became a worshipper of Yredelemnul the Dark
   994 | D:2      | Reached * piety under Yredelemnul
  1159 | D:2      | Found a stormy altar of Qazlal.
  1159 | D:2      | Noticed Natasha
  1164 | D:2      | Killed Natasha
  1165 | D:2      | Reached XP level 6. HP: 46/46 MP: 6/6
  1179 | D:2      | Reached ** piety under Yredelemnul
  1269 | D:3      | You pick up a book of Vapours and begin reading...
  1269 | D:3      | You add the spells Poisonous Vapours and Corpse Rot to your
                  | library.
  1722 | D:3      | Found a transporter.
  1722 | D:3      | Noticed siradein's ghost (amateur NaHu)
  1739 | D:3      | Noticed Jessica
  1743 | D:3      | Killed Jessica
  1744 | D:3      | Reached skill level 4 in Dodging
  1832 | D:3      | Found a transporter.
  2102 | D:4      | Reached skill level 5 in Dodging
  2178 | D:4      | Found a staircase to the Ecumenical Temple.
  2189 | D:4      | Reached XP level 7. HP: 51/52 MP: 7/7
  2632 | D:4      | Reached skill level 6 in Dodging
  3452 | D:5      | Entered Level 5 of the Dungeon
  3559 | D:5      | Noticed a wraith
  3560 | D:5      | Found a stormy altar of Qazlal.
  3566 | D:5      | HP: 8/52 [orc/+0 hand axe (6)]
  3570 | D:5      | HP: 3/52 [orc/+0 hand axe (6)]
  3580 | D:5      | Reached skill level 7 in Dodging
  3584 | D:5      | HP: 3/52 [wraith (12)]
  3692 | D:5      | HP: 9/52 [centaur/arrow (13)]
  3724 | D:5      | Reached XP level 8. HP: 16/57 MP: 8/8
  3738 | D:6      | You pick up a book of Winter and begin reading...
  3738 | D:6      | You add the spells Ozocubu's Armour, Metabolic Englaciation
                  | and Simulacrum to your library.
  3944 | D:6      | Reached skill level 8 in Dodging
  4002 | D:6      | You pick up a book of Touch and begin reading...
  4002 | D:6      | You add the spells Static Discharge, Sticky Flame and
                  | Dispel Undead to your library.
  4164 | D:6      | HP: 14/57 [something (4)]
  4165 | D:6      | HP: 4/57 [something (4)]
  4165 | D:6      | Slain by a sky beast

Vanquished Creatures
  Sigmund (D:2)
  A water moccasin (D:6)
  2 ogres (D:6)
  3 scorpions
  A howler monkey (D:6)
  A bullfrog skeleton (D:4)
  Jessica (D:3)
  Natasha (D:2)
  4 hound skeletons
  4 gnolls (D:3)
  8 adders
  2 worms
  2 dart slugs
  2 orcs
  4 bats
  3 endoplasms
  A giant cockroach (D:2)
  4 goblins
  3 hobgoblins
  3 jackals (D:3)
  6 kobolds
  3 quokkas
  5 ball pythons
  A frilled lizard (D:2)
  8 rats
74 creatures vanquished.

Vanquished Creatures (collateral kills)
  An ice beast (D:4)
  A centaur (D:5)
  A scorpion (D:4)
  A hound (D:4)
  A jelly (D:4)
  A ball python (D:4)
  A frilled lizard (D:2)
7 creatures vanquished.

Vanquished Creatures (others)
  A howler monkey zombie (D:6)
  An adder zombie (D:6)
  A ball python zombie (D:4)
  A spectral orc (D:5)
4 creatures vanquished.

Grand Total: 85 creatures vanquished

Table legend:
 A = Non-vault XP
 B = Vault XP
 C = Vault XP percentage of total XP
 D = Non-vault monster count
 E = Vault monster count
 F = Vault count percentage of total count
                 A         B        C        D         E       F
            +---------+---------+-------+---------+---------+-------
      Total |    1451 |     325 |  18.3 |      64 |      17 |  21.0
            +---------+---------+-------+---------+---------+-------
        D:1 |       8 |       0 |   0.0 |       5 |       0 |   0.0
        D:2 |      61 |     271 |  81.6 |      16 |       8 |  33.3
        D:3 |      87 |      50 |  36.5 |      15 |       7 |  31.8
        D:4 |     512 |       4 |   0.8 |      17 |       2 |  10.5
        D:5 |     323 |       0 |   0.0 |       6 |       0 |   0.0
        D:6 |     460 |       0 |   0.0 |       5 |       0 |   0.0
            +---------+---------+-------+---------+---------+-------

Illustrated notes

Table legend:
 A = Kills in this place as a percentage of kills in entire the game.
 B = Kills by you in this place as a percentage of kills by you in the entire game.
 C = Kills by friends in this place as a percentage of kills by friends in the entire game.
 D = Other kills in this place as a percentage of other kills in the entire game.
 E = Experience gained in this place as a percentage of experience gained in the entire game.
 F = Experience gained in this place divided by the number of levels of this place that you have seen.
                   A       B       C       D       E      F
               +-------+-------+-------+-------+-------+----------------------
         Total | 100.0 | 100.0 | 100.0 |   N/A | 100.0 | 296.0
       Dungeon | 100.0 | 100.0 | 100.0 |   N/A | 100.0 | 296.0
               +-------+-------+-------+-------+-------+----------------------

Table legend: (Time is in decaauts)
 A = Elapsed time spent in this place.
 B = Non-inter-level travel time spent in this place.
 C = Inter-level travel time spent in this place.
 D = Time resting spent in this place.
 E = Time spent auto-exploring this place.
 F = Levels seen in this place.
 G = Mean time per level.
                   A        B        C        D        E       F      G
               +--------+--------+--------+--------+--------+-----+--------+
         Total |   4204 |   4143 |     61 |    874 |   2642 |   6 |  700.7 |
       Dungeon |   4204 |   4143 |     61 |    874 |   2642 |   6 |  700.7 |
               +--------+--------+--------+--------+--------+-----+--------+

Top non-repeatable levels by time:
     D:4: 1590 daAuts
     D:2: 1080 daAuts
     D:3: 690 daAuts
     D:6: 435 daAuts
     D:5: 288 daAuts
     D:1: 119 daAuts
